 Dungeon Crawl Stone Soup version 0.23.0-2-g0fe3ce5905 (webtiles) character file.

Game seed: 17350916816964542624

1552 Kisielow the Firebug (level 8, -6/46 HPs)
             Began as a Deep Elf Fire Elementalist on Feb 19, 2019.
             Was an Initiate of Vehumet.
             Mangled by Harold
             ... wielding a +1 scimitar of holy wrath
              (18 damage)
             ... on level 7 of the Dungeon.
             The game lasted 00:22:22 (8490 turns).

Kisielow the Firebug (Deep Elf Fire Elementalist)   Turns: 8490, Time: 00:22:22

Health: -6/46      AC:  4    Str:  5    XL:     8   Next: 57%
Magic:  7/17       EV:  8    Int: 23    God:    Vehumet [......]
Gold:   381        SH:  0    Dex: 18    Spells: 6/17 levels left

rFire    . . .     SeeInvis .   n - staff of air
rCold    . . .     Gourm    .   (no shield)
rNeg     . . .     Faith    .   a - +0 robe
rPois    .         Spirit   .   (no helmet)
rElec    +         Reflect  .   (no cloak)
rCorr    .         Harm     .   r - +0 pair of gloves
MR       .....                  i - +0 pair of boots
Stlth    ++........             (no amulet)
HPRegen  0.15/turn              p - +3 ring of dexterity
MPRegen  0.15/turn              (no ring)

@: held
A: no striking features
a: Renounce Religion


You were on level 7 of the Dungeon.
You worshipped Vehumet.
Vehumet was noncommittal.
You were not hungry.

You visited 2 branches of the dungeon, and saw 8 of its levels.

You collected 381 gold pieces.

Inventory:

Hand Weapons
 d - a +1 dagger of venom
Armour
 a - a +0 robe (worn)
 i - a +0 pair of boots (worn)
 r - a +0 pair of gloves (worn)
Magical Staves
 n - an uncursed staff of air (weapon)
Jewellery
 p - a +3 ring of dexterity (left hand)
Wands
 l - a wand of clouds (3)
Scrolls
 b - 2 scrolls of teleportation
 h - 2 scrolls of remove curse
 j - 2 scrolls of immolation
 m - a scroll of amnesia
 q - a scroll of enchant weapon
 u - 3 scrolls of identify
 v - a scroll of blinking
Potions
 e - 2 potions of resistance
 f - 4 potions of heal wounds
 g - a potion of magic
 k - a potion of curing
 s - a potion of brilliance
 t - a potion of haste
Comestibles
 c - 9 rations
 o - 2 chunks of flesh


   Skills:
 * Level 3.0 Fighting
 * Level 5.2 Dodging
 - Level 2.4 Stealth
 - Level 5.0 Spellcasting
 + Level 6.7 Conjurations
 + Level 7.4 Fire Magic


You had 6 spell levels left.
You knew the following spells:

 Your Spells              Type           Power        Failure   Level  Hunger
e - Inner Flame           Hex/Fire       ###.....     6%          3    ##.....
q - Flame Tongue          Conj/Fire      #####        1%          1    None
r - Fireball              Conj/Fire      #####.....   14%         5    #####..
w - Throw Flame           Conj/Fire      #####.       1%          2    None

Your spell library contained the following spells:

 Spells                   Type           Power        Failure   Level  Hunger
 Conjure Flame            Conj/Fire      #####...     1%          3    ##.....
 Sticky Flame             Conj/Fire      #####...     4%          4    ####...


Dungeon Overview and Level Annotations

Branches:
Dungeon (7/15)             Temple (1/1) D:6

Altars:
Ashenzari
Cheibriados
Dithmenos
Elyvilon
Fedhas
Gozag
Hepliaklqana
Kikubaaqudgha
Makhleb
Nemelex Xobeh
Okawaru
Qazlal
Sif Muna
Trog
Uskayaw
Vehumet
Wu Jian
Xom
Yredelemnul
Zin
The Shining One

Shops:
D:6 *!

Annotations:
D:5 2 transporters, nocturnal's ghost, novice MiBe
D:7 Harold


Message History

Harold is severely wounded.
Harold hits you with a +1 scimitar of holy wrath!!
Casting: Flame Tongue (safe; 1% risk of failure)
Confirm with . or Enter, or press ? or * to list all spells.
Aiming: Flame Tongue (safe; 1% risk of failure)
Press: ? - help, Shift-Dir - straight line, f/p - Harold
Aim: Harold, wielding a +1 scimitar of holy wrath and wearing a +0 chain mail (severely wounded)
The flame tongue hits Harold.
Harold is severely wounded.
Harold hits you with a +1 scimitar of holy wrath!
* * * LOW HITPOINT WARNING * * *
Casting: Flame Tongue (safe; 1% risk of failure)
Confirm with . or Enter, or press ? or * to list all spells.
Aiming: Flame Tongue (safe; 1% risk of failure)
Press: ? - help, Shift-Dir - straight line, f/p - Harold
Aim: Harold, wielding a +1 scimitar of holy wrath and wearing a +0 chain mail (severely wounded)
The flame tongue hits Harold.
Harold is severely wounded.
Harold hits you with a +1 scimitar of holy wrath!!
You die...

#######..#
#. ..#
##..# #.
#.# #...#
##.
#.###...#
..
#..<....#
#$
#.###.#.#
#.#####.#
#.#.#
#.......#
#.#.#
#.@######
....# #.@#
... #.§§
.... ##§##
..) #§#
#.# #..
..#


You could see Harold.

Vanquished Creatures
  2 centaurs (D:6)
  2 big kobolds (D:4)
  A bullfrog (D:5)
  A scorpion (D:4)
  2 howler monkeys
  6 hounds
  A jelly (D:7)
  4 orc priests
  A bullfrog zombie (D:5)
  3 bullfrog skeletons
  7 orc wizards
  Natasha (D:3)
  An iguana (D:7)
  4 worker ants
  A hound zombie (D:6)
  A worker ant zombie (D:6)
  A howler monkey zombie (D:6)
  9 adders
  4 gnolls (D:6)
  A shadow imp (D:5)
  3 oozes
  An adder skeleton (D:4)
  2 worms (D:2)
  3 dart slugs
  2 leopard geckos
  14 orcs
  3 ball pythons
  4 giant cockroaches
  3 goblins
  9 hobgoblins
  3 jackals (D:5)
  2 quokkas
  8 bats
  6 frilled lizards
  17 kobolds
  A leopard gecko skeleton (D:5)
  6 rats
140 creatures vanquished.

Vanquished Creatures (others)
  6 plants (D:5)
6 creatures vanquished.

Grand Total: 146 creatures vanquished

Notes
Turn   | Place    | Note
-------+----------+-------------------------------------------
     0 | D:1      | Kisielow the Deep Elf Fire Elementalist began the quest for
                  | the Orb.
     0 | D:1      | Reached XP level 1. HP: 10/10 MP: 6/6
   183 | D:1      | Reached XP level 2. HP: 15/15 MP: 4/8
   317 | D:1      | Learned a level 2 spell: Throw Flame
   760 | D:2      | Reached XP level 3. HP: 17/19 MP: 0/10
  1402 | D:2      | Found a sparkling altar of Nemelex Xobeh.
  1690 | D:3      | Learned a level 3 spell: Inner Flame
  1753 | D:3      | Found a bloodstained altar of Trog.
  1756 | D:3      | Reached XP level 4. HP: 24/24 MP: 7/12
  2012 | D:3      | Reached skill level 5 in Spellcasting
  2012 | D:3      | Reached skill level 4 in Fire Magic
  2284 | D:3      | Noticed Natasha
  2290 | D:3      | Killed Natasha
  2705 | D:3      | Reached XP level 5. HP: 28/28 MP: 11/14
  2731 | D:3      | Learned a level 5 spell: Fireball
  3062 | D:4      | Reached skill level 5 in Fire Magic
  3377 | D:4      | Reached XP level 6. HP: 17/32 MP: 2/15
  3931 | D:4      | Reached skill level 5 in Conjurations
  4011 | D:4      | Found a shadowy altar of Dithmenos.
  4046 | D:4      | Reached skill level 6 in Fire Magic
  4187 | D:4      | Reached XP level 7. HP: 36/36 MP: 13/16
  5034 | D:5      | Entered Level 5 of the Dungeon
  5769 | D:5      | Found a transporter.
  5790 | D:5      | Identified the +7 spear of the Enemy {venom, *Corrode rF-
                  | Int+9 Dex+5}
  5790 | D:5      | Identified the +4 scale mail "Teum" {+Fly SInv}
  5845 | D:5      | Noticed nocturnal's ghost (novice MiBe)
  5847 | D:5      | Found a transporter.
  5926 | D:5      | Identified the ring "Bovvuc" {rF- Str+5 Stlth+}
  6014 | D:5      | Found a basalt altar of Yredelemnul.
  6020 | D:5      | Found a glowing golden altar of the Shining One.
  6022 | D:5      | Noticed an angel
  6059 | D:5      | Reached skill level 1 in Fighting
  6622 | D:6      | Reached skill level 7 in Fire Magic
  6750 | D:5      | Reached XP level 8. HP: 35/44 MP: 12/17
  6932 | D:6      | Found Bivarroere's Distillery.
  6986 | D:6      | Found Seluis's General Store.
  6999 | D:6      | Found an ornate altar of the Wu Jian Council.
  7002 | D:6      | Found a stormy altar of Qazlal.
  7379 | D:6      | Found a staircase to the Ecumenical Temple.
  7389 | Temple   | Entered the Ecumenical Temple
  7476 | Temple   | Became a worshipper of Vehumet
  7891 | D:6      | Found an iron altar of Okawaru.
  7919 | D:6      | Found a hazy altar of Hepliaklqana.
  8097 | D:6      | Reached skill level 5 in Dodging
  8482 | D:7      | Noticed Harold
  8490 | D:7      | Mangled by Harold

Skill      XL: |  1  2  3  4  5  6  7  8 |
---------------+-------------------------+-----
Spellcasting   | 4 5 |  5.0
Conjurations   | 2 3 4 5 6 |  6.7
Fire Magic     | 4 5 6 7 |  7.4
Dodging        | 3 5 |  5.2
Fighting       | 1 3 |  3.0
Stealth        | |  2.4

Action                   |  1- 3 |  4- 6 |  7- 9 || total
-------------------------+-------+-------+-------++-------
Melee: Flail             |       |     3 |       ||     3
       Dagger            |       |       |     3 ||     3
 Cast: Flame Tongue      |    35 |    35 |    98 ||   168
       Throw Flame       |    34 |    57 |    84 ||   175
       Inner Flame       |       |     3 |     5 ||     8
Evoke: Wand              |       |       |     1 ||     1
  Use: Potion            |       |     2 |     1 ||     3
       Scroll            |       |       |    15 ||    15
  Eat: Chunk             |     3 |     7 |    10 ||    20
       Ration            |       |       |     1 ||     1
Armor: Robe              |     3 |       |    13 ||    16
Dodge: Dodged            |     7 |     6 |    33 ||    46
